 Dungeon Crawl Stone Soup version 0.28.0-45-g0d030f2227 (webtiles) character file.

Game seed: 8586018910704267831

615 Iusername the Covered (level 7, -2/60 (61) HPs)
             Began as a Minotaur Fighter on Apr 4, 2022.
             Succumbed to a water moccasin's poison
             ... on level 5 of the Dungeon.
             The game lasted 00:14:39 (5813 turns).

Iusername the Covered (Minotaur Fighter)            Turns: 5813, Time: 00:14:40

HP:   -2/60 (61)    AC: 16    Str: 21    XL:     7   Next: 21%
MP:   6/6           EV:  6    Int:  7    God:
Gold: 211           SH:  4    Dex:  9    Spells: 6/6 levels left

rFire   + + .      SeeInvis .   a - +0 trident
rCold   x . .      Faith    .   c - +0 buckler
rNeg    . . .      Spirit   .   i - +0 plate armour
rPois   .          Reflect  .   (helmet restricted)
rElec   .          Harm     .   (no cloak)
rCorr   .          Rampage  .   (no gloves)
Will    .....                   p - +0 pair of boots
Stlth   ..........              (no amulet)
HPRegen 0.20/turn               s - ring of fire
MPRegen 0.10/turn               (no ring)

@: mighty, lethally poisoned (-2 -> -17), lightly drained
A: horns 2, retaliatory headbutt, iridescent scales 1, fire resistance 1
a: no special abilities


You were on level 5 of the Dungeon.
You visited 1 branch of the dungeon, and saw 5 of its levels.

You collected 211 gold pieces.

Inventory:

Hand Weapons
 a - a +0 trident (weapon)
Missiles
 m - 2 throwing nets (quivered)
Armour
 b - a +0 scale mail
 c - a +0 buckler (worn)
 i - a +0 plate armour (worn)
 p - a +0 pair of boots (worn)
Jewellery
 s - a ring of fire (left hand)
Scrolls
 e - 4 scrolls of identify {unknown}
 g - 2 scrolls of fear {unknown}
 h - a scroll of immolation {unknown}
 l - a scroll of blinking {unknown}
 n - a scroll of vulnerability {unknown}
 o - a scroll of enchant weapon {unknown}
 q - a scroll of enchant armour {unknown}
 r - a scroll of silence {unknown}
Potions
 f - 2 potions of haste {unknown}
 j - 2 potions of mutation
 k - a potion of degeneration {unknown}
 t - 2 potions of heal wounds {unknown}


   Skills:
 + Level 5.2 Fighting
 + Level 5.8 Polearms
 + Level 6.8 Armour
 + Level 0.3 Dodging
 + Level 0.4 Stealth
 + Level 4.7 Shields


You had 6 spell levels left.
You didn't know any spells.
Your spell library contained the following spells:

 Spells                   Type           Power      Damage    Failure   Level
 Dazzling Flash           Conj/Hex       0%         N/A       100%        3
 Portal Projectile        Hex/Tloc       0%         N/A       100%        3
 Iskenderun's Mystic Bla  Conj/Tloc      0%         2d3       100%        4
 Blade Hands              Tmut           0%         N/A       100%        5
 Excruciating Wounds      Necr           0%         N/A       100%        5
 Starburst                Conj/Fire      0%         6d3       100%        6


Dungeon Overview and Level Annotations

Branches:
Dungeon (5/15)
 Temple: D:4-7

Altars:
Hepliaklqana
Vehumet


Innate Abilities, Weirdness & Mutations

You have a pair of horns on your head.
You reflexively headbutt those who attack you in melee.
You are partially covered in iridescent scales. (AC +2)
Your flesh is heat resistant. (rF+)


Message History

The water moccasin is heavily wounded.
You feel very sick.
The water moccasin bites you but does no damage.
You block the water moccasin's attack.
You closely miss the water moccasin.
The water moccasin is heavily wounded.
You feel very sick. The water moccasin bites you!
You miss the water moccasin. You headbutt the water moccasin.
The water moccasin is heavily wounded.
You feel sick. The water moccasin bites you.
The water moccasin bites you but does no damage.
You closely miss the water moccasin.
Your headbutt misses the water moccasin.
The water moccasin is heavily wounded.
You feel very sick.
The water moccasin bites you but does no damage.
You barely miss the water moccasin.
The water moccasin is heavily wounded.
You feel sick. The water moccasin barely misses you.
The water moccasin bites you.
* * * LOW HITPOINT WARNING * * *
You are lethally poisoned!
The water moccasin poisons you!
You feel very mighty all of a sudden.
* * * LOW HITPOINT WARNING * * *
You feel very sick. The water moccasin bites you.
* * * LOW HITPOINT WARNING * * *
You barely miss the water moccasin.
The water moccasin is heavily wounded.
* * * LOW HITPOINT WARNING * * *
You feel very sick.
The water moccasin bites you but does no damage.
The water moccasin bites you.
* * * LOW HITPOINT WARNING * * *
It was a potion of mutation.
You feel extremely strange.
Iridescent scales grow over part of your body.
You feel resistant to heat.
You die...

### ..# ## #.#
###8. #.# ....
..### # #8.
#...##
#.##.##....##
#.#.........#
#.....S@....#
###...>.....#
#.........#
#.........##
#..........##
#...........#
#............
#...........#
#####.........##


You could see a water moccasin.

Vanquished Creatures
  A water moccasin (D:4)
  A black bear (D:4)
  A necrophage (D:4)
  A kobold brigand (D:4)
  A scorpion (D:4)
  An iguana (D:4)
  7 adders
  A worm (D:4)
  A dart slug (D:2)
  6 orcs
  18 ball pythons
  7 bats
  8 endoplasms
  2 giant cockroaches
  10 goblins
  11 hobgoblins
  6 jackals
  5 kobolds
  3 quokkas
  3 frilled lizards (D:2)
  4 rats
98 creatures vanquished.

Vanquished Creatures (others)
  2 plants (D:1)
2 creatures vanquished.

Grand Total: 100 creatures vanquished

Notes
Turn   | Place    | Note
-------+----------+-------------------------------------------
     0 | D:1      | Iusername the Minotaur Fighter began the quest for the Orb.
     0 | D:1      | Reached XP level 1. HP: 19/19 MP: 0/0
   160 | D:1      | Reached XP level 2. HP: 24/27 MP: 1/1
   215 | D:1      | Found a faded altar of an unknown god.
   415 | D:1      | Reached skill level 4 in Armour
  1192 | D:2      | Reached XP level 3. HP: 33/33 MP: 2/2
  2059 | D:2      | Reached XP level 4. HP: 41/41 MP: 3/3
  2766 | D:3      | Found a radiant altar of Vehumet.
  3410 | D:3      | Found a hazy altar of Hepliaklqana.
  3642 | D:4      | Noticed a water moccasin
  3651 | D:4      | Killed a water moccasin
  3652 | D:4      | Reached skill level 5 in Armour
  3652 | D:4      | Reached XP level 5. HP: 42/47 MP: 4/4
  3671 | D:4      | Reached XP level 6. HP: 30/55 MP: 5/5
  4166 | D:4      | Reached skill level 5 in Fighting
  4419 | D:4      | Reached skill level 5 in Polearms
  4419 | D:4      | Reached skill level 6 in Armour
  5032 | D:4      | Reached XP level 7. HP: 48/61 MP: 6/6
  5745 | D:5      | Entered Level 5 of the Dungeon
  5812 | D:5      | HP: 2/60 [water moccasin (3)]
  5813 | D:5      | Gained mutation: You are partially covered in iridescent
                  | scales. (AC +2) [potion of mutation]
  5813 | D:5      | Gained mutation: Your flesh is heat resistant. (rF+)
                  | [potion of mutation]
  5813 | D:5      | Succumbed to a water moccasin's poison

Illustrated notes

Levels and vault maps discovered:
D:1:      wheals_arrival_linesprint, layout_loops_corners,
          shapermc_ecumenical_altar_acropolis
D:2:      layout_basic, minmay_randomly_rotated_circles
D:3:      layout_basic, nicolae_vehumet_radiance,
          mainiacjoe_overflow_cross_hatched, minmay_puff
D:4:      nicolae_cairo_tiling, layout_loops_ring
D:5:      layout_rooms, slow_altar_1, roderic_batcave,
          small_statue_intersection, minmay_misc_feat_rows,
          chequers_serial_rivers_micro_c

Skill      XL: |  1  2  3  4  5  6 |
---------------+-------------------+-----
Fighting       | 4 5 |  5.2
Armour         | 4 5 6 |  6.8
Shields        | 4 |  4.7
Polearms       | 3 4 5 |  5.8
Dodging        | |  0.3
Stealth        | |  0.4

Action                   |  1- 3 |  4- 6 |  7- 9 || total
-------------------------+-------+-------+-------++-------
Melee: Trident           |    88 |   110 |    19 ||   217
       Headbutt          |    13 |    19 |     4 ||    36
  Use: Potion            |       |       |     2 ||     2
Armor: Scale mail        |    31 |       |       ||    31
       Plate armour      |    36 |    98 |    14 ||   148
Dodge: Dodged            |    46 |    32 |     4 ||    82
Block: Buckler           |    21 |    32 |     1 ||    54
